 Dungeon Crawl Stone Soup version 0.21.0 (webtiles) character file.

73 grindst0ne the Grave Robber (level 4, -5/30 HPs)
             Began as a Mummy Necromancer on Jan 6, 2018.
             Shot with an arrow by a centaur (7 damage)
             ... on level 2 of the Dungeon.
             The game lasted 00:09:57 (1841 turns).

grindst0ne the Grave Robber (Mummy Necromancer)     Turns: 1841, Time: 00:09:58

Health: -5/30      AC:  2    Str: 11    XL:     4   Next: 8%
Magic:  10/10      EV: 12    Int: 15    God:
Gold:   96         SH:  0    Dex: 12    Spells: 6/11 levels left

rFire    x . .     SeeInvis .   j - staff of summoning
rCold    + . .     Gourm    .   (no shield)
rNeg     + + +     Faith    .   a - +0 robe
rPois    ∞         Spirit   .   (no helmet)
rElec    .         Reflect  .   (no cloak)
rCorr    .         Harm     .   (no gloves)
MR       .....                  (no boots)
Stlth    ++........             (no amulet)
HPRegen  0.10/turn              (no ring)
MPRegen  0.12/turn              (no ring)

@: no status effects
A: no food or potions, fire vulnerability, cold resistance 1, negative energy
resistance 3, torment resistance, unbreathing
a: no special abilities


You were on level 2 of the Dungeon.
You were not hungry.

You visited 1 branch of the dungeon, and saw 2 of its levels.

You collected 96 gold pieces.

Inventory:

Hand Weapons
 g - a +0 short sword
Armour
 a - a +0 robe (worn)
Magical Staves
 j - an uncursed staff of summoning (weapon)
Scrolls
 c - 9 scrolls of identify {unknown}
 d - 4 scrolls of fog {unknown}
 e - a scroll of teleportation {unknown}
 f - a scroll of blinking {unknown}
 h - 2 scrolls of remove curse {unknown}
 i - a scroll of magic mapping {unknown}
 k - a scroll of amnesia {unknown}
Books
 b - a book of Necromancy

   Spells                             Type                      Level
   a - Pain                           Necromancy                   1
   b - Animate Skeleton               Necromancy                   1
   c - Vampiric Draining              Necromancy                   3
   d - Regeneration                   Charms/Necromancy            3
   e - Animate Dead                   Necromancy                   4
   f - Borgnjor's Vile Clutch         Necromancy/Earth             5


   Skills:
 - Level 1.5 Dodging
 - Level 1.5 Stealth
 - Level 4.0 Spellcasting
 + Level 5.1 Necromancy


You had 6 spell levels left.
You knew the following spells:

 Your Spells              Type           Power        Failure   Level  Hunger
a - Pain                  Necr           ###.         2%          1    N/A
b - Animate Skeleton      Necr           N/A          2%          1    N/A
c - Vampiric Draining     Necr           ###.......   7%          3    N/A

Dungeon Overview and Level Annotations

Branches:
Dungeon (2/15)

Altars:


Innate Abilities, Weirdness & Mutations

You do not eat or drink.
Your flesh is vulnerable to fire.
You are immune to poison.
Your flesh is cold resistant. (rC+)
You are immune to negative energy. (rN+++)
You are immune to unholy pain and torment.
You can survive without breathing.


Message History

The arrow closely misses you.
You hear a shout!
You see here an arrow.
The centaur shoots an arrow.
The arrow hits you.
There is an open door here.
You see here an arrow.
The centaur shoots an arrow.
The arrow hits you!
There is an open door here.
You see here an arrow.
The centaur shoots an arrow.
The arrow hits you.
You see here an arrow.
You close the door, pushing everything out of the way.
A centaur opens the door.
The centaur shoots an arrow.
The arrow hits you!
* * * LOW HITPOINT WARNING * * *
You see here an arrow.
The centaur shoots an arrow.
The arrow hits you.
* * * LOW HITPOINT WARNING * * *
The centaur shoots an arrow.
The arrow hits you!
You die...

#.#####.(...........##.#
.[..###....####.###.##.#
#.#...Z.....###........#
..#####......###.......#
#######.#...## #.#####.##
........##.## #.# #..##
##########.# #.# #.#.# #.#
#.# #..## ### ##'##
#@#####).# ..# ##..)##
#........#### #.#
##.....######...(....# [.#
##.......## #.c##.##.#
..####.........####(..#.##.#
.....+.........'(.......##.#
...###......).c####...#.##.#
...# ##...%.<.## #..##.##.#
...# ##.!...## #.###.##.#


You could see a centaur.

Vanquished Creatures
  2 adders (D:2)
  4 oozes
  A worm (D:2)
  2 leopard geckos
  A ball python (D:1)
  7 bats (D:1)
  A giant cockroach (D:1)
  3 hobgoblins (D:1)
  2 frilled lizards
  3 goblins
  3 kobolds
  7 rats
36 creatures vanquished.

Vanquished Creatures (collateral kills)
  A giant cockroach (D:2)
  A hobgoblin (D:1)
2 creatures vanquished.

Grand Total: 38 creatures vanquished

Notes
Turn   | Place    | Note
-------+----------+-------------------------------------------
     0 | D:1      | grindst0ne the Mummy Necromancer began the quest for the Orb.
     0 | D:1      | Reached XP level 1. HP: 13/13 MP: 4/4
     2 | D:1      | Learned a level 1 spell: Animate Skeleton
   114 | D:1      | Reached XP level 2. HP: 15/19 MP: 0/6
   683 | D:1      | Reached XP level 3. HP: 24/24 MP: 1/8
  1148 | D:2      | Learned a level 3 spell: Vampiric Draining
  1406 | D:2      | Reached skill level 5 in Necromancy
  1492 | D:2      | Reached XP level 4. HP: 30/30 MP: 7/10
  1797 | D:2      | Noticed a centaur
  1841 | D:2      | Shot with an arrow by a centaur

Skill      XL: |  1  2  3 |
---------------+----------+-----
Spellcasting   | 3 4 |  4.0
Necromancy     | 5 |  5.1
Dodging        | |  1.5
Stealth        | |  1.5

Action                   |  1- 3 |  4- 6 || total
-------------------------+-------+-------++-------
Melee: Unarmed           |    19 |       ||    19
       Short sword       |     4 |       ||     4
       Staff             |     4 |       ||     4
 Cast: Pain              |    75 |     9 ||    84
       Animate Skeleton  |     7 |     3 ||    10
Armor: Robe              |    15 |     1 ||    16
Dodge: Dodged            |    45 |     7 ||    52
